 Dungeon Crawl Stone Soup version 0.23.1-37-gaa34b87 (webtiles) character file.

Game seed: 18105526569077694536

11914 Fang the Fighter (level 11, -8/109 HPs)
             Began as a Gargoyle Berserker on Mar 22, 2019.
             Was a High Priest of Trog.
             Mangled by a white ugly thing (31 damage)
             ... on level 11 of the Dungeon.
             The game lasted 00:12:01 (10991 turns).

Fang the Fighter (Gargoyle Berserker)              Turns: 10991, Time: 00:12:02

Health: -8/109     AC: 23    Str: 30    XL:     11   Next: 85%
Magic:  11/11      EV: 11    Int:  7    God:    Trog [*****.]
Gold:   768        SH:  0    Dex: 11    Spells: 10/10 levels left

rFire    . . .     SeeInvis +   n - +2 battleaxe (venom)
rCold    . . .     Gourm    .   (shield currently unavailable)
rNeg     + . .     Faith    .   q - +1 plate armour
rPois    ∞         Spirit   .   (no helmet)
rElec    +         Reflect  .   (no cloak)
rCorr    .         Harm     .   (no gloves)
MR       .....                  (no boots)
Stlth    ..........             (no amulet)
HPRegen  0.28/turn              m - ring of see invisible
MPRegen  0.12/turn              C - +2 ring of dexterity

@: berserking (expiring), very quick
A: negative energy resistance 1, electricity resistance, unbreathing,
petrification resistance, rot immunity, AC +8
a: Berserk, Trog's Hand, Brothers in Arms, Renounce Religion


You were on level 11 of the Dungeon.
You worshipped Trog.
Trog was extremely pleased with you.
You were very hungry.

You visited 2 branches of the dungeon, and saw 12 of its levels.
You also visited: Ossuary.

You collected 768 gold pieces.

Inventory:

Hand Weapons
 d - a +1 war axe
 e - a +4 hand axe of chopping
 n - a +2 battleaxe of venom (weapon)
Armour
 q - a +1 plate armour (worn)
Jewellery
 k - an uncursed ring of protection from fire
 m - a ring of see invisible (left hand)
 C - a +2 ring of dexterity (right hand)
Wands
 r - a wand of iceblast (30)
 t - a wand of flame (103)
 u - a wand of polymorph (10)
 x - a wand of scattershot (6)
 y - a wand of disintegration (24)
 B - a wand of clouds (6)
 D - a wand of acid (5)
Scrolls
 a - a scroll of magic mapping
 f - 7 scrolls of teleportation
 g - 8 scrolls of remove curse
 i - 5 scrolls of identify
 F - a scroll of fear
 G - a scroll of fog
Potions
 b - 2 potions of resistance
 h - 2 potions of mutation
 j - 3 potions of curing
 l - 4 potions of lignification
 o - 2 potions of heal wounds
 p - 4 potions of invisibility
 s - 3 potions of ambrosia
 v - 3 potions of brilliance
 w - a potion of flight
 z - a potion of might
 A - 2 potions of agility
 E - a potion of haste
Comestibles
 c - 22 rations
 H - 6 chunks of flesh


   Skills:
 + Level 10.6 Fighting
 + Level 9.1 Axes
 + Level 10.4 Armour
 + Level 8.0 Dodging


You had 10 spell levels left.
You didn't know any spells.
Your spell library was empty.

Dungeon Overview and Level Annotations

Branches:
Dungeon (11/15)            Temple (1/1) D:7            Lair (0/6) D:10
    Orc (0/2) D:9

Altars:
Hepliaklqana
Makhleb
Zin
Beogh

Shops:
D:7 (   D:8 (   D:9 [


Innate Abilities, Weirdness & Mutations

You are resistant to torment.
Your stone body is resilient. (AC +8)
You are immune to poison.
You resist negative energy. (rN+)
You are resistant to electric shocks. (rElec)
You can survive without breathing.
You are immune to petrification.
You are immune to rotting.


Message History

A white ugly thing is nearby!
The white ugly thing headbutts you! The white ugly thing freezes you!
You barely miss the white ugly thing.
The white ugly thing headbutts you but does no damage.
A red film seems to cover your vision as you go berserk!
You feel yourself moving faster!
You feel mighty!
You are feeling very hungry.
The white ugly thing headbutts you. The white ugly thing freezes you!!
Your plate armour prevents you from hitting the white ugly thing.
The white ugly thing headbutts you. The white ugly thing freezes you!!
* * * LOW HITPOINT WARNING * * *
You closely miss the white ugly thing. The white ugly thing misses you.
You closely miss the white ugly thing.
The white ugly thing headbutts you but does no damage.
You slice the white ugly thing!!
The white ugly thing is poisoned.
The white ugly thing is moderately wounded.
The white ugly thing headbutts you!
* * * LOW HITPOINT WARNING * * *
The white ugly thing freezes you!!
You die...

#.######..##..##..
#.........##..##..
#.........##..##.. #
#..#####..##..##.. #.
#..# #..##......
#..####..# #.......##.
.........# #.......##.
.........#####.......##.
......u@........###..##.
#...............# #..##.
#........#####..# #..##.
#........# #..# #..##.
#........# #..# #..##.
#........# #..# #..##.
.... #........# #..#
#..##. #...# #........#
#..###..##. ...#...#
#........# #>......##.


You could see a white ugly thing.

Vanquished Creatures
  Harold (D:7)
  A two-headed ogre (D:9)
  Pikel (D:5)
  Maurice (D:8)
  Joseph (D:8)
  A troll (D:11)
  Prince Ribbit (D:7)
  A hornet (D:8)
  Grinder (D:5)
  A hippogriff (D:11)
  18 yaks
  Sigmund (D:4)
  Grum (D:8)
  3 hungry ghosts
  A steam dragon (D:9)
  Edmund (D:4)
  3 orc warriors
  2 sky beasts
  An ice beast (D:6)
  A black bear (D:7)
  A hornet zombie (D:11)
  A phantom (D:8)
  4 ogres
  4 wolves (D:8)
  8 centaurs
  A crocodile (D:10)
  10 bullfrogs
  A gnoll sergeant (D:6)
  2 wyvern skeletons
  A scorpion (D:4)
  3 wights (D:10)
  A centaur zombie (D:10)
  6 crimson imps
  7 hounds
  3 jellies
  10 orc priests
  A bullfrog skeleton (D:6)
  6 orc wizards
  8 worker ants
  4 big kobold zombies (Ossuary)
  A hound skeleton (D:6)
  A hound zombie (D:8)
  A mummy (Ossuary)
  3 worker ant zombies
  A howler monkey zombie (D:10)
  10 gnolls
  12 adders
  4 shadow imps
  An ooze (D:1)
  2 adder skeletons
  An adder zombie (D:8)
  3 worms
  4 dart slugs
  6 leopard geckos
  44 orcs
  A spectral bat (Ossuary)
  5 bats
  4 giant cockroaches
  7 goblins
  5 hobgoblins
  11 jackals
  7 quokkas
  2 ball pythons (D:3)
  3 bat simulacra (Ossuary)
  12 frilled lizards
  8 gnoll zombies (Ossuary)
  3 goblin simulacra (Ossuary)
  2 goblin zombies (Ossuary)
  7 hobgoblin zombies (Ossuary)
  6 kobolds
  5 kobold simulacra (Ossuary)
  4 kobold zombies (Ossuary)
  A leopard gecko skeleton (D:6)
  5 orc zombies (Ossuary)
  A quokka zombie (D:5)
  3 rats
  4 rat simulacra (Ossuary)
  2 spectral goblins (Ossuary)
  2 spectral kobolds (Ossuary)
  4 spectral rats (Ossuary)
332 creatures vanquished.

Vanquished Creatures (others)
  A howler monkey (D:5)
  A jelly (D:5)
  2 shadow imps (D:5)
  An adder zombie (D:5)
  A worm (D:5)
  2 giant cockroaches (D:5)
  A frilled lizard (D:5)
  A jackal skeleton (D:5)
  A leopard gecko skeleton (D:5)
11 creatures vanquished.

Grand Total: 343 creatures vanquished

Notes
Turn   | Place    | Note
-------+----------+-------------------------------------------
     0 | D:1      | Fang the Gargoyle Berserker began the quest for the Orb.
     0 | D:1      | Reached XP level 1. HP: 14/14 MP: 1/1
   410 | D:1      | Reached XP level 2. HP: 17/19 MP: 2/2
   741 | D:1      | Reached XP level 3. HP: 22/23 MP: 3/3
  1110 | D:2      | Reached ** piety under Trog
  1485 | D:2      | Reached XP level 4. HP: 24/29 MP: 4/4
  2702 | D:3      | Reached XP level 5. HP: 17/33 MP: 5/5
  3011 | D:3      | Reached *** piety under Trog
  3631 | D:4      | Reached XP level 6. HP: 22/39 MP: 6/6
  3953 | D:4      | Noticed Edmund
  3969 | D:4      | Killed Edmund
  3969 | D:4      | Reached skill level 5 in Fighting
  3969 | D:4      | Reached XP level 7. HP: 44/44 MP: 7/7
  4271 | D:4      | Noticed Sigmund
  4279 | D:4      | Killed Sigmund
  4597 | D:5      | Entered Level 5 of the Dungeon
  4646 | D:5      | Noticed Pikel
  4677 | D:5      | Killed Pikel
  4677 | D:5      | Reached skill level 5 in Axes
  4677 | D:5      | Reached skill level 5 in Armour
  4677 | D:5      | Reached XP level 8. HP: 51/51 MP: 8/8
  5137 | D:5      | Reached **** piety under Trog
  5144 | D:5      | Noticed Grinder
  5166 | D:5      | Paralysed by Grinder for 6 turns
  5175 | D:5      | Killed Grinder
  5639 | D:6      | Reached XP level 9. HP: 34/56 MP: 9/9
  5731 | D:6      | Reached skill level 5 in Dodging
  5884 | D:6      | Found a sand-covered staircase.
  5915 | Ossuary  | Entered an ossuary
  6059 | Ossuary  | Reached ***** piety under Trog
  6300 | Ossuary  | Received a gift from Trog
  6547 | D:6      | Found a glowing silver altar of Zin.
  6843 | D:7      | Found a staircase to the Ecumenical Temple.
  6843 | D:7      | Noticed Harold
  6854 | D:7      | Killed Harold
  6861 | Temple   | Entered the Ecumenical Temple
  7241 | D:7      | Noticed Prince Ribbit
  7280 | D:7      | Killed Prince Ribbit
  7280 | D:7      | Reached XP level 10. HP: 46/64 MP: 10/10
  7405 | D:7      | Found a hazy altar of Hepliaklqana.
  7421 | D:7      | Found Kahonixe's Weapon Shop.
  7811 | D:7      | Found a roughly hewn altar of Beogh.
  7894 | D:8      | Noticed Joseph
  7907 | D:8      | HP: 1/65 [Joseph/+0 quarterstaff (6)]
  7913 | D:8      | Killed Joseph
  7954 | D:8      | Found Ycout's Antique Weapon Boutique.
  8034 | D:8      | Noticed Grum
  8050 | D:8      | Killed Grum
  8420 | D:8      | Noticed Maurice
  8456 | D:8      | Killed Maurice
  8905 | D:9      | Reached XP level 11. HP: 45/71 MP: 11/11
  8909 | D:9      | Found Juner Ypuliz's Armour Emporium.
  8909 | D:9      | Found a staircase to the Orcish Mines.
  9200 | D:9      | Noticed a two-headed ogre
  9210 | D:9      | Killed a two-headed ogre
  9210 | D:9      | Reached skill level 10 in Fighting
  9453 | D:9      | Noticed a lindwurm
  9453 | D:9      | Noticed a lindwurm
  9456 | D:9      | Noticed a lindwurm
  9517 | D:9      | Noticed a lindwurm
 10021 | D:9      | Found a burning altar of Makhleb.
 10023 | D:9      | Noticed a blizzard demon
 10060 | D:10     | Entered Level 10 of the Dungeon
 10297 | D:10     | Received a gift from Trog
 10330 | D:10     | Reached skill level 10 in Armour
 10543 | D:10     | Found a staircase to the Lair.
 10982 | D:11     | Noticed a white ugly thing
 10991 | D:11     | Mangled by a white ugly thing

Skill      XL: |  1  2  3  4  5  6  7  8  9 10 11 |
---------------+----------------------------------+-----
Axes           | 3 4 5 6 8 9 |  9.1
Dodging        | 2 3 4 6 7 8 |  8.0
Armour         | 3 4 5 6 7 9 10 | 10.4
Fighting       | 4 5 6 8 9 10 | 10.6

Action                   |  1- 3 |  4- 6 |  7- 9 | 10-12 || total
-------------------------+-------+-------+-------+-------++-------
Melee: Hand axe          |   108 |   215 |   235 |       ||   558
       War axe           |       |       |   138 |       ||   138
       Battleaxe         |       |       |    64 |   401 ||   465
Invok: Berserk           |       |     2 |     6 |     3 ||    11
       Trog's Hand       |       |       |     1 |     1 ||     2
  Use: Scroll            |       |       |    20 |     4 ||    24
       Potion            |       |       |       |     1 ||     1
 Stab: Sleeping          |     1 |       |       |       ||     1
  Eat: Chunk             |     2 |     9 |    14 |    19 ||    44
       Ration            |       |       |     1 |     2 ||     3
Armor: Animal skin       |    33 |    66 |       |       ||    99
       Plate armour      |       |    66 |   294 |   360 ||   720
Dodge: Dodged            |    64 |   138 |   185 |   271 ||   658
